 Dungeon Crawl Stone Soup version 0.18-a0-1713-g50a528e (webtiles) character file.

11218 Etesian the Grappler (level 11, -16/97 HPs)
             Began as a Ghoul Monk on Apr 7, 2016.
             Was a High Priest of Okawaru.
             Demolished by a cyan ugly thing (17 damage)
             ... on level 11 of the Dungeon.
             The game lasted 00:56:01 (10003 turns).

Etesian the Grappler (Ghoul Monk)                  Turns: 10003, Time: 00:56:02

Health: -16/97     AC: 10    Str: 22    XL:     11   Next: 74%
Magic:  17/17      EV: 15    Int:  5    God:    Okawaru [*****.]
Gold:   366        SH:  0    Dex: 11    Spells: 2 memorised, 6 levels left

rFire  . . .     SeeInvis .       - Unarmed
rCold  + + .     Gourm    .     c - +0 mottled dragon armour
rNeg   + + +     Faith    .     (no shield)
rPois  ∞         Spirit   .     u - +0 helmet
rElec  .         Dismiss  .     A - +0 cloak
rCorr  +         Reflect  .     v - +0 pair of gloves of Amorality {rCorr}
SustAt .         Harm     .     F - +0 pair of boots
MR     .....                    (no amulet)
Stlth  +.........               E - +3 ring of strength
                                z - ring of protection from cold

@: rotting, not resistant to hostile enchantments, very unstealthy
A: rotting body, claws 1, carnivore 3, cold resistance 1, negative energy
resistance 3, slow regeneration 1, torment resistance, unbreathing
a: Heroism, Finesse, Renounce Religion


You were on level 11 of the Dungeon.
You worshipped Okawaru.
Okawaru was extremely pleased with you.
You were not hungry.

You visited 2 branches of the dungeon, and saw 12 of its levels.

You collected 431 gold pieces.
You spent 65 gold pieces at shops.

Inventory:

Missiles
 t - 5 javelins (quivered)
Armour
 c - a +0 mottled dragon armour (worn)
 u - a +0 helmet (worn)
 v - the +0 pair of gloves of Amorality (worn) {rCorr}
   (You found it on level 5 of the Dungeon)

   It protects you from acid and corrosion.
 A - a +0 cloak (worn)
 F - a +0 pair of boots (worn)
Jewellery
 y - an uncursed ring of protection from cold
 z - a ring of protection from cold (left hand)
 E - a +3 ring of strength (right hand)
Wands
 w - a wand of lightning (10/15)
 D - a wand of iceblast (5/15)
 H - a wand of disintegration (3/24)
Scrolls
 g - 3 scrolls of teleportation
 h - 2 scrolls of recharging
 i - a scroll of enchant weapon
 l - a scroll of fog
 n - 2 scrolls of remove curse
 p - 3 scrolls of magic mapping
 x - a scroll of enchant armour
 B - 2 scrolls of amnesia
Potions
 d - 2 potions of brilliance
 e - 2 potions of cancellation
 f - 3 potions of curing
 k - 2 potions of invisibility
 m - a potion of haste
 o - 4 potions of heal wounds
 q - 2 potions of might
 r - a potion of magic
 s - a potion of agility
 C - a potion of flight
Comestibles
 a - 5 chunks of flesh
 b - 8 meat rations
 j - 2 beef jerkies


   Skills:
 + Level 9.1 Fighting
 * Level 8.3 Dodging
 - Level 2.1 Stealth
 * Level 12.8 Unarmed Combat
 - Level 0.1 Translocations
 + Level 9.3 Invocations


You had 6 spell levels left.
You knew the following spells:

 Your Spells              Type           Power        Failure   Level  Hunger
a - Blink                 Tloc           N/A          89%         2    ###....
b - Repel Missiles        Chrm/Air       #.....       89%         2    ###....


Dungeon Overview and Level Annotations

Branches:
Dungeon (11/15)            Temple (1/1) D:4            Lair (0/8) D:11
    Orc (0/2) D:10

Altars:
Ashenzari
Cheibriados
Dithmenos
Elyvilon
Fedhas
Gozag
Kikubaaqudgha
Makhleb
Nemelex Xobeh
Okawaru
Pakellas
Qazlal
Ru
Sif Muna
Trog
Vehumet
Xom
Yredelemnul
Zin
The Shining One

Shops:
D:10 ?


Innate Abilities, Weirdness & Mutations

Your body is rotting away.
You thrive on raw meat.
You are immune to poison.
You have sharp fingernails.
You are carnivorous and can eat meat at any time.
Your flesh is cold resistant.
You are immune to negative energy.
You regenerate slowly when monsters are visible.
You are immune to unholy pain and torment.
You can survive without breathing.


Message History

The cyan ugly thing is almost dead.
The cyan ugly thing gores you! The cyan ugly thing shocks you!
You closely miss the cyan ugly thing.
The cyan ugly thing is severely wounded.
You hit the cyan ugly thing.
The cyan ugly thing is almost dead.
The cyan ugly thing barely misses you.
You hit the cyan ugly thing but do no damage.
The cyan ugly thing is almost dead.
The cyan ugly thing gores you!
* * * LOW HITPOINT WARNING * * *
The cyan ugly thing shocks you!
* * * LOW HITPOINT WARNING * * *
There is an open door here.
Evoke which item? (* to show all) (? for menu, Esc to quit)
Okay, then.
The cyan ugly thing gores you.
* * * LOW HITPOINT WARNING * * *
The cyan ugly thing shocks you!
You die...

#.###### ###.#### #(# .#
#.### .# ##.(.## #+##
#.....# #...## #.....#
#.....# #.....#
##.......
########....####........
..........@u...'........
.######.....####........
#.##.## ##....... #.####
#.....# #.# #...## #.#
#+## #.# #.# #.


You could see a cyan ugly thing.

Vanquished Creatures
  Erolcha (D:8)
  The ghost of Kabixx the Magician, a novice DsFE of Vehumet (D:7)
  An ugly thing (D:11)
  A cyclops (D:11)
  Joseph (D:8)
  A centaur skeleton (D:11)
  8 yaks
  2 steam dragons
  2 hungry ghosts
  2 hippogriffs
  Edmund (D:4)
  Menkaure (D:7)
  A water moccasin (D:8)
  Duvessa (D:5)
  A black bear (D:7)
  2 sky beasts
  2 necrophages (D:8)
  An ice beast (D:7)
  2 wasps
  7 ogres
  4 orc warriors
  A phantom (D:7)
  4 centaurs
  A big kobold (D:8)
  Blork the orc (D:4)
  Dowan (D:5)
  8 giant frogs
  5 scorpions
  15 killer bees
  5 wights (D:10)
  12 howler monkeys
  6 crimson imps
  2 centaur zombies (D:8)
  A giant frog zombie (D:5)
  2 quasits
  5 jellies
  3 hounds
  3 orc priests
  Crazy Yiuf (D:7)
  A giant frog skeleton (D:4)
  Ijyb (D:2)
  4 iguanas
  13 orc wizards
  11 worker ants
  A killer bee zombie (D:6)
  A hound skeleton (D:5)
  Robin (D:2)
  A worker ant zombie (D:9)
  7 gnolls
  A howler monkey skeleton (D:4)
  13 adders
  2 shadow imps (D:5)
  2 adder zombies
  An adder skeleton (D:6)
  6 worms
  A dart slug (D:1)
  7 giant geckos
  38 orcs
  6 giant cockroaches
  13 goblins
  15 hobgoblins
  4 jackals (D:5)
  15 kobolds
  5 quokkas
  7 bats
  5 giant newts
  A jackal skeleton (D:4)
  4 rats
306 creatures vanquished.

Notes
Turn   | Place    | Note
--------------------------------------------------------------
     0 | D:1      | Etesian the Ghoul Monk began the quest for the Orb.
     0 | D:1      | Reached XP level 1. HP: 19/19 MP: 0/0
   105 | D:1      | Reached XP level 2. HP: 9/26 MP: 1/1
   409 | D:1      | Reached XP level 3. HP: 25/33 MP: 2/2
   421 | D:1      | Reached skill level 5 in Unarmed Combat
   911 | D:2      | Noticed Ijyb
   915 | D:2      | Killed Ijyb
   915 | D:2      | Reached XP level 4. HP: 40/40 MP: 3/3
  1357 | D:2      | Noticed Robin
  1458 | D:2      | Killed Robin
  1458 | D:2      | Reached XP level 5. HP: 28/46 MP: 4/4
  1637 | D:2      | Found a deep blue altar of Sif Muna.
  1640 | D:2      | Found a stormy altar of Qazlal.
  1643 | D:2      | Found an iron altar of Okawaru.
  1647 | D:2      | Became a worshipper of Warmaster Okawaru
  1647 | D:2      | Reached * piety under Okawaru
  1647 | D:2      | Reached ** piety under Okawaru
  1784 | D:3      | Noticed an ogre
  1791 | D:3      | Killed an ogre
  1791 | D:3      | Reached skill level 6 in Unarmed Combat
  2023 | D:3      | Reached XP level 6. HP: 48/53 MP: 5/5
  2727 | D:4      | Noticed Blork the orc
  2739 | D:4      | Killed Blork the orc
  2739 | D:4      | Reached skill level 5 in Fighting
  2828 | D:4      | Found a staircase to the Ecumenical Temple.
  2849 | D:4      | Learned a level 2 spell: Blink
  2852 | D:4      | Learned a level 2 spell: Repel Missiles
  2882 | D:4      | Reached skill level 7 in Unarmed Combat
  2882 | D:4      | Reached skill level 1 in Invocations
  2882 | D:4      | Reached XP level 7. HP: 61/61 MP: 6/6
  2907 | D:4      | Noticed Edmund
  2931 | D:4      | HP: 2/61 [Edmund/flail of protection (9)]
  2939 | Temple   | Entered the Ecumenical Temple
  3435 | D:3      | Reached *** piety under Okawaru
  3871 | D:4      | Killed Edmund
  3890 | D:5      | Entered Level 5 of the Dungeon
  3923 | D:5      | Reached XP level 8. HP: 65/69 MP: 9/9
  4102 | D:5      | Noticed Duvessa
  4119 | D:5      | Killed Duvessa
  4119 | D:5      | Reached skill level 8 in Unarmed Combat
  4120 | D:5      | Noticed Dowan
  4142 | D:5      | Killed Dowan
  4248 | D:5      | Reached skill level 5 in Dodging
  4382 | D:5      | Got a pair of pitted gloves
  4388 | D:5      | Identified the +0 pair of gloves of Amorality {rCorr} (You found it on level 5 of the Dungeon)
  4574 | D:5      | Reached **** piety under Okawaru
  4624 | D:5      | Reached skill level 5 in Invocations
  4884 | D:5      | Reached XP level 9. HP: 67/77 MP: 10/12
  4982 | D:6      | Reached skill level 9 in Unarmed Combat
  5465 | D:6      | Found a burning altar of Makhleb.
  5717 | D:7      | Noticed Kabixx's ghost (novice DsFE)
  5818 | D:7      | Killed Kabixx's ghost
  5818 | D:7      | Reached ***** piety under Okawaru
  5818 | D:7      | Reached skill level 10 in Unarmed Combat
  5968 | D:7      | Reached XP level 10. HP: 81/86 MP: 14/14
  6305 | D:7      | Noticed Crazy Yiuf
  6310 | D:7      | Killed Crazy Yiuf
  6432 | D:7      | Noticed Menkaure
  6445 | D:7      | Killed Menkaure
  7031 | D:8      | Reached skill level 11 in Unarmed Combat
  7298 | D:8      | Noticed Joseph
  7322 | D:8      | Killed Joseph
  7441 | D:8      | Noticed Erolcha
  7451 | D:8      | Killed Erolcha
  7451 | D:8      | Received a gift from Okawaru
  7758 | D:8      | Reached XP level 11. HP: 84/95 MP: 16/16
  8023 | D:9      | Found a white marble altar of Elyvilon.
  8030 | D:9      | Reached skill level 12 in Unarmed Combat
  8664 | D:10     | Entered Level 10 of the Dungeon
  8910 | D:10     | Received a gift from Okawaru
  9255 | D:10     | Found a staircase to the Orcish Mines.
  9347 | D:10     | Found Gihokk's Magic Scroll Boutique.
  9364 | D:10     | Bought a scroll of teleportation for 39 gold pieces
  9364 | D:10     | Bought a scroll of identify for 26 gold pieces
  9639 | D:11     | Found a staircase to the Lair.
  9668 | D:11     | Noticed a purple ugly thing
  9683 | D:11     | Killed a purple ugly thing
  9938 | D:11     | Noticed a cyclops
  9967 | D:11     | Killed a cyclops
  9987 | D:11     | Noticed a cyan ugly thing
  9997 | D:11     | HP: 4/97 [cyan ugly thing (16)]
 10003 | D:11     | HP: 1/97 [cyan ugly thing (4)]
 10003 | D:11     | Demolished by a cyan ugly thing

Vault maps used:
D:1:      dpeg_arrival_concentric_ovals, serial_glass, glass_columns_a,
          glass_columns_b
D:2:      grunt_temple_overflow_diamond, first_bread, uniq_robin, uniq_iyjb
D:4:      temple_pool_b, uniq_edmund, uniq_blork_the_orc
D:5:      wad_river_or_something, uniq_duvessa
D:6:      bloody_makhleb
D:7:      uniq_crazy_yiuf_cottage, uniq_menkaure
D:8:      wad_guarded_room, serial_curves, eino_curves_04, eino_curves_03,
          uniq_erolcha, uniq_joseph
D:9:      basic_altar
D:10:     orc_0_dummy, serial_shops, shop
D:11:     lair_0_dummy, hangedman_ranch, uniq_maurice, uniq_josephine
Temple:   lightli_temple_of_artemis

Skill      XL: |  1  2  3  4  5  6  7  8  9 10 11 |
---------------+----------------------------------+-----
Unarmed Combat | 5 6 7 8 10 11 12 | 12.8
Dodging        | 3 4 5 6 7 8 |  8.3
Fighting       | 4 5 6 7 8 9 |  9.1
Invocations    | 1 3 5 7 8 9 |  9.3
Stealth        | |  2.1
Translocations | |  0.1

Action                   |  1- 3 |  4- 6 |  7- 9 | 10-12 || total
-------------------------+-------+-------+-------+-------++-------
Melee: Unarmed           |    77 |   199 |   434 |   506 ||  1216
Throw: Javelin           |       |       |       |     7 ||     7
Invok: Heroism           |       |       |     5 |    15 ||    20
       Finesse           |       |       |       |     1 ||     1
  Use: Scroll            |     3 |     9 |     7 |     9 ||    28
       Potion            |       |       |     2 |       ||     2
 Stab: Sleeping          |     2 |     4 |     1 |     2 ||     9
       Distracted        |       |     3 |       |     1 ||     4
  Eat: Chunk             |     6 |    14 |    10 |    13 ||    43
